 Dungeon Crawl Stone Soup version 0.20.1-1-g8b1a95d (webtiles) character file.

16 letownia2 the Grave Robber (level 2, -7/22 HPs)
             Began as a Deep Dwarf Necromancer on Nov 20, 2017.
             Mangled by a worm (8 damage)
             ... on level 4 of the Dungeon.
             The game lasted 00:03:36 (1121 turns).

letownia2 the Grave Robber (Deep Dwarf Necromancer) Turns: 1121, Time: 00:03:37

Health: -7/22      AC:  5    Str: 11    XL:     2   Next: 41%
Magic:  5/5        EV:  9    Int: 15    God:
Gold:   30         SH:  0    Dex: 13    Spells: 4/5 levels left

rFire    . . .     SeeInvis .   (no weapon)
rCold    . . .     Gourm    .   (no shield)
rNeg     . . .     Faith    .   e - +0 ring mail
rPois    .         Spirit   .   (no helmet)
rElec    .         Reflect  .   (no cloak)
rCorr    .         Harm     .   (no gloves)
MR       .....                  (no boots)
Stlth    +.........             (no amulet)
Regen    0.0/turn               k - -2 ring of evasion
MPRegen  0.1/turn               (no ring)

@: non-regenerating
A: damage resistance, heal wounds, sense surroundings 1, no regeneration
a: Heal Wounds


You were on level 4 of the Dungeon.
You were not hungry.

You visited 1 branch of the dungeon, and saw 5 of its levels.

You collected 30 gold pieces.

Inventory:

Armour
 e - a +0 ring mail (worn)
 g - a +3 scale mail
 h - a +0 leather armour
Jewellery
 k - a -2 ring of evasion (left hand)
Wands
 m - a wand of digging (12/24)
Scrolls
 j - 3 scrolls of remove curse
Potions
 a - a potion of might {unknown}
 d - a potion of agility {unknown}
 f - a potion of degeneration {unknown}
 l - a potion of heal wounds {unknown}
 n - a potion of haste {unknown}
 o - a potion of curing {unknown}
 p - a potion of invisibility {unknown}
 q - a potion of mutation {unknown}
Books
 b - a book of Necromancy

   Spells                             Type                      Level
   a - Pain                           Necromancy                   1
   b - Animate Skeleton               Necromancy                   1
   c - Vampiric Draining              Necromancy                   3
   d - Regeneration                   Charms/Necromancy            3
   e - Animate Dead                   Necromancy                   4
   f - Control Undead                 Necromancy                   4
 i - a book of Minor Magic

   Spells                             Type                      Level
   a - Magic Dart                     Conjuration                  1
   b - Blink                          Translocation                2
   c - Call Imp                       Summoning                    2
   d - Slow                           Hexes                        2
   e - Conjure Flame                  Conjuration/Fire             3
   f - Mephitic Cloud                 Conjuration/Poison/Air       3
Comestibles
 c - 2 bread rations


   Skills:
 + Level 1.0 Armour
 - Level 2.1 Dodging
 - Level 2.4 Stealth
 - Level 2.0 Spellcasting
 + Level 4.7 Necromancy


You had 4 spell levels left.
You knew the following spells:

 Your Spells              Type           Power        Failure   Level  Hunger
a - Pain                  Necr           ###.         8%          1    #......


Dungeon Overview and Level Annotations

Branches:
Dungeon (5/15)
 Temple: D:4-7

Altars:
The Shining One

Annotations:
D:4 Purgy


Innate Abilities, Weirdness & Mutations

You are resistant to damage.
You can heal yourself by infusing magical energy.
You passively map a small area around you.
You do not regenerate.


Message History

Purgy hisses menacingly.
Evoke which item? (* to show all) (? for menu, Esc to quit)
Okay, then.
As you read the scroll labeled HEDUMA TEUGHET, it crumbles to dust.
You feel as if something is helping you.
It was a scroll of remove curse.
Evoke which item? (* to show all) (? for menu, Esc to quit)
Aiming: Dig (will waste charges)
Press: ? - help, Shift-Dir - straight line The rock shatters into small pieces.
Evoking this partially-identified wand wasted a few charges.
Purgy looks around nervously.
The worm bites you!
Unknown command.
Purgy hisses menacingly.
The iguana bites you. The iguana bites you!
* * * LOW HITPOINT WARNING * * *
The worm bites you!
You die...

.....# #.# #.##.#.# ######
#.#, #.##.### #.#
#######..#.#### #### #.#
..............# .(.#
#.###########.#.##.# ##.#
#.#.........T....#.# #.#
#.#.#########....#.# ##.#
#.#.# #<######...#.# ...#
#.#.# #.@.T........#
#########.#.###.lw.........#
..........#................#
#.....##########...........#
+......................>...#
#.....##########...........#
<..(...# #########'#.#
#......# ####.#.# #......#
#....#.#


You could see Purgy, a worm and an iguana.

Vanquished Creatures
  An adder (D:5)
  A leopard gecko (D:3)
  A giant cockroach (D:1)
  2 goblins (D:3)
  A bat (D:3)
  A jackal skeleton (D:4)
7 creatures vanquished.

Notes
Turn   | Place    | Note
-------+----------+-------------------------------------------
     0 | D:1      | letownia2 the Deep Dwarf Necromancer began the quest for the Orb.
     0 | D:1      | Reached XP level 1. HP: 15/15 MP: 3/3
   209 | D:3      | Found a faded altar of an unknown god.
   271 | D:3      | Found a glowing golden altar of the Shining One.
   632 | D:4      | Noticed Purgy
   848 | D:5      | Entered Level 5 of the Dungeon
   855 | D:5      | Reached skill level 1 in Armour
   855 | D:5      | Reached XP level 2. HP: 17/22 MP: 0/5
  1121 | D:4      | HP: 1/22 [iguana (7)]
  1121 | D:4      | Mangled by a worm

Skill      XL: |  1 |
---------------+----+-----
Spellcasting   | 2 |  2.0
Armour         | 1 |  1.0
Dodging        | |  2.1
Stealth        | |  2.4
Necromancy     | |  4.7

Action                   || total
-------------------------++-------
Melee: Unarmed           ||     7
 Cast: Pain              ||    11
Evoke: Wand              ||     1
  Use: Scroll            ||     1
  Eat: Chunk             ||     1
Armor: Ring mail         ||     5
